 Dungeon Crawl Stone Soup version 0.20-a0-854-g0cc194a (webtiles) character file.

28 Alarkh the Skirmisher (level 3, 29/29 HPs)
             Began as a Demonspawn Fighter on Mar 11, 2017.
             Quit the game on level 2 of the Dungeon.
             The game lasted 00:01:07 (888 turns).

Alarkh the Skirmisher (Demonspawn Fighter)           Turns: 888, Time: 00:01:07

Health: 29/29      AC: 11    Str: 16    XL:     3   Next: 0%
Magic:  3/3        EV:  7    Int: 10    God:
Gold:   79         SH:  8    Dex: 12    Spells: 2/2 levels left

rFire    . . .     SeeInvis +   a - +0 long sword
rCold    . . .     Gourm    .   b - +0 scale mail
rNeg     . . .     Faith    .   c - +0 shield
rPois    .         Spirit   +   (no helmet)
rElec    .         Reflect  .   j - +2 cloak
rCorr    .         Harm     .   i - +0 pair of gloves
MR       .....                  (no boots)
Stlth    ..........             (no amulet)
Regen    0.1/turn               t - ring of see invisible
MPRegen  0.1/turn               (no ring)

@: no status effects
A: talons 1, magic shield
a: no special abilities


You were on level 2 of the Dungeon.
You were not hungry.

You visited 1 branch of the dungeon, and saw 2 of its levels.

You collected 79 gold pieces.

Inventory:

Hand Weapons
 a - a +0 long sword (weapon)
Armour
 b - a +0 scale mail (worn)
 c - a +0 shield (worn)
 i - a +0 pair of gloves (worn)
 j - a +2 cloak (worn)
Jewellery
 k - an uncursed ring of fire
 n - an uncursed ring of ice
 t - a ring of see invisible (right hand)
Scrolls
 l - a scroll of remove curse {unknown}
 q - a scroll of recharging {unknown}
 r - a scroll of enchant armour {unknown}
Potions
 d - a potion of might
 e - a potion of invisibility {unknown}
 m - a potion of curing {unknown}
 o - a potion of berserk rage {unknown}
 s - a potion of degeneration {unknown}
Comestibles
 f - 2 bread rations
 g - 2 chunks of flesh
 h - a meat ration
 p - a royal jelly


   Skills:
 + Level 3.2 Fighting
 * Level 2.4 Long Blades
 + Level 2.8 Armour
 + Level 0.6 Dodging
 + Level 2.9 Shields


You had 2 spell levels left.
You didn't know any spells.

Dungeon Overview and Level Annotations

Branches:
Dungeon (2/15)

Altars:
Xom


Innate Abilities, Weirdness & Mutations

You have sharp toenails.
When hurt, damage is shared between your health and your magic reserves.


Message History

A bat is nearby!
A bat is nearby!
A bat is nearby!
The bat barely misses you.
You barely miss the bat. The bat hits you but does no damage. x2
The bat barely misses you.
You riposte.
You barely miss the bat. Your kick misses the bat.
Found 16 sling bullets.
You hit the bat.
You kill the bat!
You have reached level 3!
Your experience leads to an increase in your attributes!
Increase (S)trength, (I)ntelligence, or (D)exterity?
You feel clever.
Your demonic ancestry asserts itself...
You feel your magical essence form a protective shroud around your flesh.
Are you sure you want to abandon this character and quit the game? (Confirm with "yes".)
Okay, then.
Unknown command.
Unknown command.
Are you sure you want to abandon this character and quit the game? (Confirm with "yes".)

(# .# ### .# #### ####..
.. ### #### #.. ..##.#
.# .... ...# #.# #.##.#
.#.....
##)###.####.##.##....###
##.#.....##.##..@.......
.....#.#.##.##..###..###
##.###...............#
#.# #######......#.##
.[# #......#.# ####
#.#..#.#?# #.#..#.... .
.....#.## #..#.#..#.#


There were no monsters in sight!

Vanquished Creatures
  An adder (D:2)
  A dart slug (D:1)
  A giant cockroach (D:1)
  A goblin (D:2)
  A hobgoblin (D:1)
  5 bats
  A frilled lizard (D:1)
  A kobold (D:1)
  8 rats (D:1)
20 creatures vanquished.

Notes
Turn   | Place    | Note
-------+----------+-------------------------------------------
     0 | D:1      | Alarkh the Demonspawn Fighter began the quest for the Orb.
     0 | D:1      | Reached XP level 1. HP: 18/18 MP: 1/1
   148 | D:1      | Gained mutation: You have sharp toenails. [demonic ancestry]
   148 | D:1      | Reached XP level 2. HP: 24/24 MP: 2/2
   186 | D:1      | Found a shimmering altar of Xom.
   887 | D:2      | Gained mutation: When hurt, damage is shared between your health and your magic reserves. [demonic ancestry]
   887 | D:2      | Reached XP level 3. HP: 29/29 MP: 3/3
   888 | D:2      | Quit the game

Vault maps used:
D:1:      dpeg_arrival_ratfight, xom_teletrap_fun

Skill      XL: |  1 |
---------------+----+-----
Long Blades    | 2 |  2.4
Fighting       | |  3.2
Armour         | |  2.8
Dodging        | |  0.6
Shields        | |  2.9

Action                   || total
-------------------------++-------
Melee: Long sword        ||    67
       Kick              ||    13
Armor: Scale mail        ||    47
Dodge: Dodged            ||    23
Block: Shield            ||    39
       Rpst.: Long sword ||    11
